 Dungeon Crawl Stone Soup version 0.24.0-13-gcf9b3192b9 (webtiles) character file.

Game seed: 8301284144753594190, levelgen mode: deterministic

2 Monsterracer the Sneak (level 1, 0/13 HPs)
             Began as a Vampire Fire Elementalist on Nov 8, 2019.
             Slain by a kobold
             ... wielding a +0 short sword
              (6 damage)
             ... on level 1 of the Dungeon.
             The game lasted 00:01:03 (24 turns).

Monsterracer the Sneak (Vampire Fire Elementalist)    Turns: 24, Time: 00:01:04

Health: 0/13       AC:  2    Str:  7    XL:     1   Next: 25%
Magic:  0/3        EV: 12    Int: 17    God:
Gold:   0          SH:  0    Dex: 14    Spells: 3/4 levels left

rFire    . . .     SeeInvis +   (no weapon)
rCold    . . .     Gourm    .   (no shield)
rNeg     . . .     Faith    .   a - +0 robe
rPois    .         Spirit   .   (no helmet)
rElec    .         Reflect  .   (no cloak)
rCorr    .         Harm     .   (no gloves)
MR       .....                  (no boots)
Stlth    ++........             (no amulet)
HPRegen  0.24/turn              (no ring)
MPRegen  0.08/turn              (no ring)

@: very slightly contaminated, regenerating quickly
A: no food, fangs 3, see invisible, unbreathing
a: Exsanguinate


You were on level 1 of the Dungeon.
You were alive.

You visited 1 branch of the dungeon, and saw 1 of its levels.

Inventory:

Armour
 a - a +0 robe (worn)


   Skills:
 - Level 2.1 Dodging
 - Level 3.0 Stealth
 + Level 0.7 Unarmed Combat
 - Level 2.0 Spellcasting
 - Level 0.6 Conjurations
 - Level 2.4 Fire Magic


You had 3 spell levels left.
You knew the following spells:

 Your Spells              Type           Power        Failure   Level  Hunger
a - Flame Tongue          Conj/Fire      #....        11%         1    N/A

Your spell library contained the following spells:

 Spells                   Type           Power        Failure   Level  Hunger
 Throw Flame              Conj/Fire      #.....       16%         2    N/A
 Conjure Flame            Conj/Fire      #.......     30%         3    N/A
 Inner Flame              Hex/Fire       #.......     34%         3    N/A
 Sticky Flame             Conj/Fire      #.......     71%         4    N/A
 Fireball                 Conj/Fire      #.........   96%         5    N/A

Dungeon Overview and Level Annotations

Branches:
Dungeon (1/15)

Altars:


Innate Abilities, Weirdness & Mutations

You do not eat.
Your natural rate of healing is unusually fast.
You have razor-sharp teeth.
You have supernaturally acute eyesight. (SInv)
You can survive without breathing.


Message History

Welcome, Monsterracer the Vampire Fire Elementalist.
Will you prevail where others failed? Will you find the Orb of Zot?
Press ? for a list of commands and other information.
Found a scroll labeled NOSIXO SELA.
Found two stairs.
A bat and a jackal come into view.
Found an escape hatch in the floor.
There are monsters nearby!
A rat comes into view.
The bat barely misses you. The bat hits you but does no damage.
A hobgoblin and a kobold come into view.
The bat barely misses you. The bat closely misses you.
Found a cloak.
The bat closely misses you. The bat closely misses you.
Casting: Flame Tongue (safe; 11% risk of failure)
Confirm with . or Enter, or press ? or * to list all spells.
Aiming: Flame Tongue (safe; 11% risk of failure)
Press: ? - help, Shift-Dir - straight line, f - bat
Aim: a bat You miscast Flame Tongue.
You are very lightly contaminated with residual magic.
Sparks fly from your hands! The bat barely misses you.
The kobold throws a stone.
The stone barely misses you.
You hit the rat but do no damage. Your bite misses the rat.
The bat barely misses you. The rat barely misses you.
You completely miss the rat. The bat hits you. The rat closely misses you.
You hit the rat.
The rat is heavily wounded.
The bat hits you but does no damage. The rat closely misses you.
Casting: Flame Tongue (safe; 11% risk of failure)
Confirm with . or Enter, or press ? or * to list all spells.
Aiming: Flame Tongue (safe; 11% risk of failure)
Press: ? - help, Shift-Dir - straight line, f/p - bat
Aim: a bat The flame tongue hits the bat.
The bat is moderately wounded.
The bat hits you. The rat closely misses you.
You hit the bat but do no damage.
The bat is moderately wounded.
The bat misses you. The rat bites you.
You completely miss the bat.
The bat is moderately wounded.
The bat hits you but does no damage. The bat closely misses you.
The rat barely misses you.
Casting: Flame Tongue (safe; 11% risk of failure)
Confirm with . or Enter, or press ? or * to list all spells.
Aiming: Flame Tongue (safe; 11% risk of failure)
Press: ? - help, Shift-Dir - straight line, f/p - bat
Aim: a bat (moderately wounded)
The flame tongue hits the bat.
You kill the bat!
The rat bites you but does no damage.
You hit the rat but do no damage. Your bite misses the rat.
The rat is heavily wounded.
The rat bites you.
You hit the rat.
You kill the rat!
The kobold throws a stone.
The stone hits you.
The kobold throws a stone.
The stone hits you but does no damage.
The kobold hits you with a +0 short sword.
* * * LOW HITPOINT WARNING * * *
Casting: Flame Tongue (safe; 11% risk of failure)
Confirm with . or Enter, or press ? or * to list all spells.
Aiming: Flame Tongue (safe; 11% risk of failure)
Press: ? - help, Shift-Dir - straight line, f - kobold
Aim: a kobold, wielding a +0 short sword The flame tongue hits the kobold but does no damage.
The jackal barks!
You hear a shout!
The kobold completely misses you.
You closely miss the kobold. You hit the kobold but do no damage.
The kobold hits you but does no damage.
You hit the kobold. Your bite misses the kobold.
The kobold is severely wounded.
The kobold closely misses you.
You miss the kobold.
The kobold is severely wounded.
The kobold hits you with a +0 short sword.
* * * LOW HITPOINT WARNING * * *
You closely miss the kobold.
The kobold is severely wounded.
The kobold hits you with a +0 short sword.
You die...

.. ...g .## ...
..##.. h## #.[... ...
#.#..# ####.>##.g..#
# ...........###.##
###.... ##hK@..(#
.......###..##...#
...............†.....
...........?.........
.##..#<#>##r.##.##..
.... ##### .....# #
.# #.##.. ## #.


You could see a jackal, a hobgoblin and a kobold.

Vanquished Creatures
  A bat (D:1)
  A rat (D:1)
2 creatures vanquished.

Notes
Turn   | Place    | Note
-------+----------+-------------------------------------------
     0 | D:1      | Monsterracer the Vampire Fire Elementalist began the quest
                  | for the Orb.
     0 | D:1      | Reached XP level 1. HP: 13/13 MP: 3/3
    18 | D:1      | HP: 6/13 [kobold/+0 short sword (3)]
    23 | D:1      | HP: 6/13 [kobold/+0 short sword (1)]
    24 | D:1      | Slain by a kobold

Levels and vault maps discovered:
D:1:      onia_arrival_handbag, layout_rooms, minmay_misc_feat_cross

Action                   || total
-------------------------++-------
Melee: Unarmed           ||    12
 Cast: Flame Tongue      ||     3
Armor: Robe              ||     5
Dodge: Dodged            ||    17
